 Dungeon Crawl Stone Soup version 0.17.0-18-gaab0e96 (webtiles) character file.

4937 JudasIscariot the Grappler (level 10, -5/98 HPs)
             Began as a Troll Monk on Nov 11, 2015.
             Was a High Priest of Makhleb.
             Slain by asdu's ghost (21 damage)
             ... on level 9 of the Dungeon.
             The game lasted 00:28:16 (8074 turns).

JudasIscariot the Grappler (Troll Monk)             Turns: 8074, Time: 00:28:16

Health: -5/98      AC:  6    Str: 21    XL:     10   Next: 28%
Magic:  10/10      EV: 14    Int:  6    God:    Makhleb [*****.]
Gold:   264        SH:  0    Dex: 15    Spells: 0 memorised, 9 levels left

rFire  . . .     SeeInvis .       - Unarmed
rCold  + + .     Clarity  .     a - +0 robe
rNeg   . . .     SustAt   .     (no shield)
rPois  +         Gourm    +     R - +0 hat
rElec  .         Spirit   .     D - +0 cloak
rCorr  .         Warding  .     (gloves unavailable)
rMut   .         Stasis   .     (boots unavailable)
MR     ++...                    C - amulet of faith
Stlth  ++........               f - ring of protection from cold
                                h - ring of protection from magic

@: about to teleport, very resistant to hostile enchantments, unstealthy
A: unfitting armour, claws 3, cold resistance 1, fast metabolism 3, gourmand,
low mp 1, magic resistance 1, poison resistance, regeneration 2, screaming 1,
shaggy fur 1, tough skin 2
a: Minor Destruction, Lesser Servant of Makhleb, Major Destruction, Greater
Servant of Makhleb, Renounce Religion


You were on level 9 of the Dungeon.
You worshipped Makhleb.
Makhleb was extremely pleased with you.
You were very full.

You visited 2 branches of the dungeon, and saw 10 of its levels.

You collected 459 gold pieces.
You spent 195 gold pieces at shops.

Inventory:

Armour
 a - a +0 robe (worn)
 D - a +0 cloak (worn)
 R - a +0 hat (worn)
Jewellery
 f - a ring of protection from cold (right claw)
 h - a ring of protection from magic (left claw)
 o - an uncursed ring of flight
 C - an amulet of faith (around neck)
 L - an uncursed amulet of resist corrosion {unknown}
Wands
 m - a wand of magic darts (21)
 s - a wand of polymorph (17)
 I - a wand of teleportation (1)
 M - a wand of flame (21)
 Q - a wand of magic darts (20)
 S - a wand of polymorph (13)
Scrolls
 d - 5 scrolls of fog
 e - 2 scrolls of enchant weapon
 i - 4 scrolls of amnesia
 k - 2 scrolls of enchant armour
 l - a scroll of torment {unknown}
 n - 2 scrolls of teleportation
 r - a scroll of fear {unknown}
 t - 3 scrolls of blinking {unknown}
 z - 2 scrolls of recharging {unknown}
 A - a scroll of random uselessness {unknown}
 F - 2 scrolls of holy word
 G - 6 scrolls of remove curse
 H - a scroll of acquirement {unknown}
 J - 4 scrolls of noise {unknown}
 P - 3 scrolls of identify
Potions
 g - a potion of cancellation
 q - a potion of poison
 u - a potion of heal wounds {unknown}
 x - a potion of brilliance {unknown}
 B - a potion of agility
 K - a potion of berserk rage {unknown}
 O - a potion of lignification {unknown}
Books
 y - a Grand Grimoire

   Spells                             Type                      Level
   a - Monstrous Menagerie            Summoning                    6
   b - Summon Greater Demon           Summoning                    7
   c - Malign Gateway                 Summoning/Translocation      7
   d - Summon Horrible Things         Summoning                    8
 N - a book of Summonings

   Spells                             Type                      Level
   a - Recall                         Summoning/Translocation      3
   b - Aura of Abjuration             Summoning                    5
   c - Shadow Creatures               Summoning                    5
   d - Summon Demon                   Summoning                    5
   e - Summon Forest                  Summoning/Translocation      5
   f - Summon Mana Viper              Hexes/Summoning              5
Comestibles
 b - 9 bread rations
 c - 6 chunks of flesh
 j - 4 meat rations
 v - 10 slices of pizza
 w - 2 beef jerkies
 E - 4 fruits


   Skills:
 * Level 6.0 Fighting
 * Level 8.3 Dodging
 - Level 2.3 Stealth
 * Level 9.4 Unarmed Combat
 * Level 3.8 Invocations
 - Level 0.1 Evocations


You had 9 spell levels left.
You didn't know any spells.

Dungeon Overview and Level Annotations

Branches:
Dungeon (9/15)             Temple (1/1) D:5
   Lair: D:8-11         Orc: D:9-12

Altars:
Cheibriados
Dithmenos
Fedhas
Gozag
Makhleb
Nemelex Xobeh
Qazlal
Ru
Sif Muna
Trog
Xom
Yredelemnul
Zin
The Shining One

Shops:
D:5 !   D:6 *(

Annotations:
D:9 asdu's ghost, novice HOBe


Innate Abilities, Weirdness & Mutations

You are too large for most types of armour.
You have claws for hands.
Your metabolism is lightning-fast.
You like to eat raw meat.
You heal very quickly.
You are covered in fur (AC +1).
You have very tough skin (AC +2).
Your flesh is cold resistant.
Your magical capacity is low (-10% MP).
You are resistant to hostile enchantments.
Your system is resistant to poisons.
You occasionally shout uncontrollably at your foes.


Message History

Asdu's ghost hits you.
You scratch asdu's ghost.
Asdu's ghost is moderately damaged.
You scratch asdu's ghost.
Asdu's ghost is moderately damaged.
Asdu's ghost hits you!
You scratch asdu's ghost but do no damage.
Asdu's ghost is moderately damaged.
Asdu's ghost hits you!!
You scratch asdu's ghost.
Asdu's ghost is heavily damaged.
Asdu's ghost hits you.
You scratch asdu's ghost.
Asdu's ghost is heavily damaged.
Asdu's ghost hits you!!
* * * LOW HITPOINT WARNING * * *
Read which item? (? for menu, Esc to quit)
As you read the scroll of teleportation, it crumbles to dust.
You feel strangely unstable. Asdu's ghost hits you!!
You die...

##....#.........# #.#.#####..
......#.........# #.'.#......
......#.........# #.###......
......#..######.# #..........
......#..# #.# #..........
.######..# #.#######..........
.#.......# #..................
.#.......######....######........
.#............).@..# #........
##.............W...# #........
...................# #.##'###.
...................# #.#....#.
..............)....# #.##...##
...................# #..#....#
...................######..#'####
...##############................
#### #................


You could see asdu's ghost.

Vanquished Creatures
  A spriggan (D:8)
  Sigmund (D:4)
  A wyvern (D:9)
  A water moccasin (D:8)
  An ice beast (D:9)
  5 orc warriors
  4 black bears
  4 phantoms
  2 centaurs (D:9)
  2 ogres
  7 giant frogs
  4 scorpions
  3 killer bees (D:9)
  A quasit (D:9)
  9 wights
  A giant frog zombie (D:9)
  4 crimson imps
  6 orc wizards
  A wasp zombie (D:6)
  4 jellies
  3 orc priests
  A giant frog skeleton (D:9)
  7 worker ants
  5 hounds
  3 iguanas
  2 hound zombies
  3 hound skeletons (D:7)
  6 adders
  3 gnolls (D:6)
  2 shadow imps
  An ooze (D:1)
  An adder zombie (D:8)
  3 worms (D:2)
  11 giant geckos
  46 orcs
  9 bats
  A giant cockroach (D:5)
  6 goblins
  5 hobgoblins
  19 jackals
  4 quokkas
  A giant gecko zombie (D:6)
  12 giant newts
  A jackal zombie (D:8)
  8 kobolds
  A quokka zombie (D:5)
  3 rats
229 creatures vanquished.

Vanquished Creatures (collateral kills)
  Joseph (D:7)
1 creature vanquished.

Grand Total: 230 creatures vanquished

Notes
Turn   | Place    | Note
--------------------------------------------------------------
     0 | D:1      | JudasIscariot the Troll Monk began the quest for the Orb.
     0 | D:1      | Reached XP level 1. HP: 22/22 MP: 0/0
   135 | D:1      | Reached XP level 2. HP: 29/29 MP: 1/1
   529 | D:1      | Reached XP level 3. HP: 36/36 MP: 2/2
  1555 | D:3      | Reached XP level 4. HP: 42/44 MP: 3/3
  1665 | D:3      | Reached skill level 5 in Unarmed Combat
  1891 | D:3      | Found a faded altar to an unknown god.
  2453 | D:4      | Noticed a phantom
  2475 | D:4      | Killed a phantom
  2475 | D:4      | Reached XP level 5. HP: 43/52 MP: 4/4
  2633 | D:4      | Noticed Sigmund
  2647 | D:4      | Killed Sigmund
  2647 | D:4      | Reached XP level 6. HP: 24/61 MP: 5/5
  2794 | D:4      | Found an opulent altar of Gozag.
  2847 | D:4      | Found a stormy altar of Qazlal.
  2849 | D:4      | Found a sacrificial altar of Ru.
  2850 | D:4      | Found a shadowy altar of Dithmenos.
  2851 | D:4      | Found a basalt altar of Yredelemnul.
  2852 | D:4      | Found a shimmering altar of Xom.
  3384 | D:5      | Entered Level 5 of the Dungeon
  3423 | D:5      | Found Xucuac's Distillery.
  3603 | D:5      | Bought 2 potions of mutation for 75 gold pieces
  3603 | D:5      | Bought a potion of degeneration for 15 gold pieces
  3603 | D:5      | Bought a potion of agility for 60 gold pieces
  3603 | D:5      | Bought a potion of curing for 45 gold pieces
  3608 | D:5      | Gained mutation: Your mind is acute. (Int +2) [potion of mutation]
  3608 | D:5      | Gained mutation: Your magical capacity is low (-10% MP). [potion of mutation]
  3608 | D:5      | Gained mutation: Your system is resistant to poisons. [potion of mutation]
  3609 | D:5      | Gained mutation: Armour fits poorly on your strangely shaped body. [potion of mutation]
  3609 | D:5      | Gained mutation: Your flesh is cold resistant. [potion of mutation]
  3609 | D:5      | Gained mutation: You are resistant to hostile enchantments. [potion of mutation]
  3610 | D:5      | Lost mutation: Armour fits poorly on your strangely shaped body. [potion of mutation]
  3610 | D:5      | Lost mutation: Your mind is acute. (Int +2) [potion of mutation]
  3610 | D:5      | Gained mutation: You occasionally shout uncontrollably at your foes. [potion of mutation]
  3831 | D:5      | Reached skill level 6 in Unarmed Combat
  3831 | D:5      | Reached XP level 7. HP: 67/67 MP: 5/5
  4031 | D:5      | Found a staircase to the Ecumenical Temple.
  4038 | Temple   | Entered the Ecumenical Temple
  4069 | Temple   | Became a worshipper of Makhleb the Destroyer
  4069 | Temple   | Reached * piety under Makhleb
  4069 | Temple   | Reached ** piety under Makhleb
  4502 | D:6      | Reached skill level 1 in Invocations
  4533 | D:6      | Found Buih's Assorted Antiques.
  4546 | D:6      | Reached skill level 5 in Dodging
  4590 | D:6      | Reached XP level 8. HP: 61/78 MP: 7/7
  4646 | D:6      | Found Qeilux's Weapon Boutique.
  4732 | D:6      | Reached skill level 7 in Unarmed Combat
  4996 | D:6      | Reached *** piety under Makhleb
  5153 | D:7      | Noticed Joseph
  5165 | D:7      | HP: 3/79 [Joseph/sling bullet (14)]
  5170 | D:7      | Killed Joseph
  5335 | D:7      | Found a sparkling altar of Nemelex Xobeh.
  5716 | D:7      | Found a snail-covered altar of Cheibriados.
  5729 | D:7      | Reached XP level 9. HP: 84/87 MP: 8/8
  5835 | D:7      | Reached skill level 5 in Fighting
  5840 | D:7      | Reached **** piety under Makhleb
  6072 | D:7      | Reached skill level 8 in Unarmed Combat
  6922 | D:8      | Reached skill level 9 in Unarmed Combat
  7274 | D:9      | Found a blossoming altar of Fedhas.
  7370 | D:9      | Reached ***** piety under Makhleb
  7441 | D:9      | Reached XP level 10. HP: 88/98 MP: 10/10
  8060 | D:9      | Noticed asdu's ghost (novice HOBe)
  8074 | D:9      | Slain by asdu's ghost

Action                   |  1- 3 |  4- 6 |  7- 9 | 10-12 || total
-------------------------+-------+-------+-------+-------++-------
Melee: Unarmed           |   119 |   111 |   354 |   126 ||   710
Invok: Minor Destruction |       |       |     1 |       ||     1
       Lesser Servant of |       |       |     1 |       ||     1
Evoke: Wand              |       |       |     1 |       ||     1
  Use: Potion            |       |     3 |     6 |     2 ||    11
       Scroll            |       |       |     9 |     1 ||    10
 Stab: Sleeping          |     1 |     3 |     4 |     1 ||     9
       Distracted        |       |       |     1 |       ||     1
  Eat: Chunk             |    20 |    20 |    34 |     5 ||    79
